 Dungeon Crawl Stone Soup version 0.28.0 (webtiles) character file.

Game seed: 14491420500463988181

5119 xSliceyx the Thaumaturge (level 10, -8/72 HPs)
             Began as a Djinni Fire Elementalist on Feb 7, 2022.
             Was a Priest of Makhleb.
             Mangled by a two-headed ogre (9 damage)
             ... on level 7 of the Dungeon.
             The game lasted 00:36:00 (10825 turns).

xSliceyx the Thaumaturge (DjFE)                    Turns: 10825, Time: 00:36:00

Health: -8/72      AC:  4    Str:  7    XL:     10   Next: 88%
Gold:   481        EV: 12    Int: 25    God:    Makhleb [***...] SH:  0 Dex: 15

rFire   + + .      SeeInvis .   K - +5 short sword of Tenacity {vorpal, rPois Int+5}
rCold   . . .      Faith    .   (no shield)
rNeg    . . .      Spirit   .   a - +0 robe
rPois   ∞          Reflect  .   s - +0 helmet
rElec   .          Harm     .   n - +0 cloak
rCorr   .          Rampage  .   (no gloves)
Will    +....                   (boots unavailable)
Stlth   ++........              (no amulet)
HPRegen 0.22/turn               u - ring of protection from cold
MPRegen 0.00/turn               (no ring)

@: flying, slowed, very slow
A: sickness immunity, fire resistance 2, cold vulnerability 1, float, innate
caster, HP casting, extra vitality 1
a: Renounce Religion, Minor Destruction, Lesser Servant of Makhleb


You were on level 7 of the Dungeon.
You worshipped Makhleb.
Makhleb was most pleased with you.
You visited 1 branch of the dungeon, and saw 7 of its levels.
You also visited: Sewer and Ossuary.

You collected 481 gold pieces.

Inventory:

Hand Weapons
 v - a +1 whip of draining
 x - a +2 short sword of draining
 K - the +5 short sword of Tenacity (weapon) {vorpal, rPois Int+5}
   (You found it on level 6 of the Dungeon)

   It inflicts extra damage upon your enemies.
   Int:       It affects your intelligence (+5).
   rPois:     It protects you from poison.
Missiles
 d - 5 atropa-tipped darts
 i - 3 poisoned darts
 B - 2 throwing nets
Armour
 a - a +0 robe (worn)
 n - a +0 cloak (worn)
 s - a +0 helmet (worn)
Magical Staves
 F - a staff of earth
 Q - a staff of fire
Jewellery
 u - a ring of protection from cold (left hand)
 M - a +4 ring of protection
Wands
 e - a wand of charming (5)
 I - a wand of mindburst (24)
 O - a wand of acid (7)
 P - a wand of iceblast (11)
Scrolls
 b - 2 scrolls of noise {unknown}
 h - 3 scrolls of teleportation {unknown}
 k - 3 scrolls of fear {unknown}
 l - 4 scrolls of fog {unknown}
 m - 2 scrolls of brand weapon {unknown}
 p - 3 scrolls of holy word {unknown}
 r - a scroll of enchant armour {unknown}
 w - 2 scrolls of blinking {unknown}
 y - a scroll of vulnerability
 C - 4 scrolls of enchant weapon {unknown}
 E - 2 scrolls of magic mapping
 G - 3 scrolls of summoning {unknown}
 J - a scroll of identify
 L - a scroll of silence {unknown}
Potions
 c - 2 potions of brilliance
 f - a potion of degeneration {unknown}
 g - 5 potions of haste
 j - 5 potions of mutation
 o - a potion of magic {unknown}
 q - a potion of ambrosia {unknown}
 t - a potion of heal wounds
 z - a potion of cancellation {unknown}
 A - 2 potions of berserk rage {unknown}
 D - 2 potions of might {unknown}
 H - a potion of experience {unknown}
 N - 2 potions of curing {unknown}
 R - 2 potions of invisibility {unknown}


   Skills:
 + Level 6.2 Fighting
 - Level 2.1 Dodging
 - Level 1.5 Stealth
 - Level 11.1 Spellcasting


You had 9 spell levels left.
You knew the following spells:

 Your Spells              Type           Power      Damage    Failure   Level
a - Foxfire               Conj/Fire      100%       2x1d9     1%          1
b - Scorch                Fire           100%       2d10      1%          2
c - Conjure Flame         Conj/Fire      62%        6-21      1%          3
d - Inner Flame           Hex/Fire       62%        N/A       1%          3
e - Flame Wave            Conj/Fire      62%        2d12      1%          4
f - Summon Small Mammal   Summ           100%       N/A       1%          1
g - Wereblood             Tmut           62%        N/A       1%          2
h - Static Discharge      Conj/Air       62%        N/A       1%          2
i - Olgreb's Toxic Radia  Pois           62%        N/A       1%          4
Your spell library was empty.

Dungeon Overview and Level Annotations

Branches:
Dungeon (7/15)             Temple (0/1) D:7           Sewer (visited)
Ossuary (visited)

Altars:
Dithmenos
Elyvilon
Gozag
Kikubaaqudgha
Makhleb
Nemelex Xobeh
Qazlal
Uskayaw
Vehumet
Wu Jian
Yredelemnul
The Shining One


Innate Abilities, Weirdness & Mutations

You are immune to sickness and miasma.
You are immune to poison.
Your flesh is very heat resistant. (rF++)
You are vulnerable to cold. (rC-)
You float through the air rather than walking.
You learn spells naturally, not from books.
Your magical power is your life essence.
You have superior vitality. (+4 MHP)


Message History

The gargoyle is lightly damaged.
Casting: Foxfire (safe; 1% risk of failure)
Confirm with . or Enter, or press ? or * to list all spells.
Flames lash the gargoyle.
The gargoyle is heavily damaged.
The gargoyle's fire resistance burns away.
The foxfire hits the gargoyle but does no damage.
The gargoyle is heavily damaged.
The foxfire hits the gargoyle but does no damage.
The gargoyle is heavily damaged.
Casting: Scorch (safe; 1% risk of failure)
Confirm with . or Enter, or press ? or * to list all spells.
Flames lash the gargoyle.
The gargoyle is burned terribly!
The gargoyle is almost destroyed.
The foxfire hits the gargoyle but does no damage.
The gargoyle is almost destroyed.
Casting: Scorch (safe; 1% risk of failure)
Confirm with . or Enter, or press ? or * to list all spells.
Flames lash the gargoyle.
The gargoyle is burned terribly!
You destroy the gargoyle!
Makhleb accepts your kill.
You can now summon a lesser servant of Makhleb.
You feel better.
Your Fighting skill increases to level 6!
You see here a +0 mace.
You see here a +0 robe.
There are monsters nearby!
You see here a +0 robe.
The five-headed hydra roars!
The two-headed ogre shouts in stereo!
The wraith hits you! The wraith drains your vigour!
You feel yourself slow down. The wraith hits you but does no damage.
The wraith hits you.
The two-headed ogre hits you with a +0 giant club!!
The two-headed ogre closely misses you.
Okay, then.
The two-headed ogre hits you with a +0 giant club!!
* * * LOW HITPOINT WARNING * * *
The two-headed ogre hits you with a +0 giant club!
You die...

#..###
#......).#..##
####
#..#.....##..###
#..##########..##
#..# ##..# ###..#
##.. ###...##
######## ##.....#
#.......
##......#
##......#
#...##@.#
#...[..##
######O.#
#.###### ##W#####
#.##
#..#...####..##
#.............#
#.....#######)# #
#.....#H....#.# #
##.....#.....#.#
#
#....<.#.._..#.#
##


You could see a two-headed ogre and a wraith.

Vanquished Creatures
  A hydra (D:7)
  Pikel (D:6)
  A gargoyle (D:7)
  Grinder (D:3)
  Menkaure (D:6)
  3 necrophages
  A black bear (D:3)
  4 ice beasts
  2 sky beasts
  4 ogres
  A centaur (D:4)
  A phantom (D:5)
  2 kobold brigands (Sewer)
  2 scorpions
  A water moccasin zombie (D:5)
  A water moccasin skeleton (D:5)
  A howler monkey (D:7)
  6 wights (D:7)
  7 centaur zombies
  3 hounds
  2 bullfrog zombies
  8 jellies
  A centaur skeleton (D:6)
  An orc priest (D:6)
  2 iguanas
  An orc wizard (D:6)
  3 killer bee zombies
  A hound zombie (D:5)
  A hound skeleton (D:5)
  4 mummies (Ossuary)
  Robin (D:3)
  12 adders
  14 gnolls
  8 river rats
  4 white imps
  2 ufetubi
  An adder skeleton (D:4)
  2 worms
  2 dart slugs (D:1)
  10 orcs
  12 ball pythons
  13 endoplasms
  3 giant cockroaches
  A gnoll zombie (D:6)
  20 goblins
  6 hobgoblins
  6 jackals (Sewer)
  20 kobolds
  4 quokkas
  13 bats
  4 frilled lizards (Sewer)
  2 hobgoblin zombies (Ossuary)
  8 rats
236 creatures vanquished.

Vanquished Creatures (collateral kills)
  5 foxfires
5 creatures vanquished.

Vanquished Creatures (others)
  655 foxfires
  6 fungi (D:3)
  29 plants
  4 toadstools (D:3)
694 creatures vanquished.

Grand Total: 935 creatures vanquished

Notes
Turn   | Place    | Note
-------+----------+-------------------------------------------
     0 | D:1      | xSliceyx the Djinni Fire Elementalist began the quest for
                  | the Orb.
     0 | D:1      | Reached XP level 1. HP: 15/15 MP: 0/0
   192 | D:1      | Reached XP level 2. HP: 16/21 MP: 0/0
   615 | D:1      | Reached skill level 3 in Spellcasting
   921 | D:1      | Reached XP level 3. HP: 22/25 MP: 0/0
   921 | D:1      | Learned a level 1 spell: Summon Small Mammal
  1643 | D:2      | Found a shadowy altar of Dithmenos.
  2304 | D:2      | Noticed an ogre
  2317 | D:2      | Killed an ogre
  2318 | D:2      | Reached skill level 4 in Spellcasting
  2318 | D:2      | Reached XP level 4. HP: 25/31 MP: 0/0
  2318 | D:2      | Reached XP level 5. HP: 28/35 MP: 0/0
  2318 | D:2      | Learned a level 2 spell: Wereblood
  3434 | D:3      | Reached XP level 6. HP: 37/40 MP: 0/0
  3463 | D:3      | Found a glowing golden altar of the Shining One.
  3525 | D:3      | Noticed Grinder
  3534 | D:3      | Killed Grinder
  3535 | D:3      | Reached skill level 5 in Spellcasting
  3535 | D:3      | Reached XP level 7. HP: 33/45 MP: 0/0
  3535 | D:3      | Learned a level 2 spell: Static Discharge
  3750 | D:3      | Noticed Robin
  3760 | D:3      | Killed Robin
  3965 | D:3      | You are sucked into a shaft and drop 1 floor!
  3986 | D:4      | Reached skill level 6 in Spellcasting
  4573 | D:3      | Reached XP level 8. HP: 31/50 MP: 0/0
  4917 | D:3      | Reached skill level 7 in Spellcasting
  5578 | D:4      | Reached skill level 8 in Spellcasting
  5754 | D:4      | Found an opulent altar of Gozag.
  5880 | D:4      | Found a stormy altar of Qazlal.
  6048 | D:4      | Found a burning altar of Makhleb.
  6053 | D:4      | Became a worshipper of Makhleb the Destroyer
  6104 | D:5      | Entered Level 5 of the Dungeon
  6113 | D:5      | Reached XP level 9. HP: 35/55 MP: 0/0
  6113 | D:5      | Learned a level 4 spell: Olgreb's Toxic Radiance
  6282 | D:5      | Reached skill level 9 in Spellcasting
  7090 | D:6      | Reached * piety under Makhleb
  7095 | D:6      | Found a glowing drain.
  7105 | Sewer    | Entered a sewer
  7450 | D:6      | Found a sand-covered staircase.
  7461 | Ossuary  | Entered an ossuary
  7477 | Ossuary  | Reached skill level 10 in Spellcasting
  7480 | Ossuary  | Reached ** piety under Makhleb
  7882 | D:6      | Reached XP level 10. HP: 34/60 MP: 0/0
  8013 | D:6      | Found a white marble altar of Elyvilon.
  8048 | D:6      | Noticed Menkaure
  8050 | D:6      | Killed Menkaure
  8415 | D:6      | Noticed Pikel
  8423 | D:6      | Killed Pikel
  8424 | D:6      | Reached skill level 11 in Spellcasting
  9071 | D:6      | Identified the +5 short sword of Tenacity {vorpal, rPois
                  | Int+5}
  9131 | D:7      | Noticed an eight-headed hydra
  9131 | D:7      | Noticed a two-headed ogre
  9131 | D:7      | Found a hide-covered altar of Uskayaw.
  9168 | D:7      | Reached skill level 1 in Fighting
  9217 | D:7      | Found a basalt altar of Yredelemnul.
  9556 | D:7      | Found a sparkling altar of Nemelex Xobeh.
  9668 | D:7      | Found a staircase to the Ecumenical Temple.
  9679 | D:7      | Killed an eight-headed hydra
  9680 | D:7      | Reached skill level 5 in Fighting
 10167 | D:7      | Noticed a deep elf pyromancer
 10167 | D:7      | Noticed a five-headed hydra
 10169 | D:7      | Noticed a gargoyle
 10193 | D:7      | Noticed a manticore
 10436 | D:7      | Found an ornate altar of the Wu Jian Council.
 10743 | D:7      | Killed a gargoyle
 10743 | D:7      | Reached *** piety under Makhleb
 10825 | D:7      | HP: 1/72 [two-headed ogre (31)]
 10825 | D:7      | Mangled by a two-headed ogre

Illustrated notes

Levels and vault maps discovered:
D:1:      dpeg_arrival_subterranean_lakeside_camping, layout_basic
D:2:      layout_basic, basic_altar
D:3:      cheibrodos_fertilizer, layout_rooms, nicolae_overflow_crystal_walls,
          uniq_grinder, uniq_robin
D:4:      layout_basic, general_overflow_altar, vehumet_crystals,
          mainiacjoe_overflow_tiny_flanked, kennysheep_little_box,
          nzn_random_ring
D:5:      layout_basic, serial_undead, serial_undead_f, serial_undead_b,
          serial_undead_a, serial_undead_e
D:6:      wad_woods_stonehenge, layout_basic, cheibrodos_sewer_entry_sluice,
          enter_ossuary_3, uniq_menkaure, uniq_pikel
D:7:      minmay_blocky_corners, layout_cave_pods,
          mainiacjoe_overflow_boulevard, gammafunk_temple_overflow_statue,
          amcnicky_altar_gilded, lemuel_round_altar,
          minmay_temple_entry_statues_fountains, ebering_dispersal_statue_hall,
          st_stairs_2

Skill      XL: |  1  2  3  4  5  6  7  8  9 10 |
---------------+-------------------------------+-----
Spellcasting   | 3 4 5 6 8 10 11 | 11.1
Fighting       | 6 |  6.2
Dodging        | |  2.1
Stealth        | |  1.5

Action                   |  1- 3 |  4- 6 |  7- 9 | 10-12 || total
-------------------------+-------+-------+-------+-------++-------
Melee: Dagger            |     7 |     1 |     3 |       ||    11
       Short sword       |       |       |     1 |     1 ||     2
 Cast: Foxfire           |   113 |    39 |   189 |    69 ||   410
       Scorch            |       |    10 |    99 |    21 ||   130
       Flame Wave        |       |       |     5 |     4 ||     9
       Olgreb's Toxic Ra |       |       |     4 |     4 ||     8
  Use: Scroll            |       |       |     8 |       ||     8
       Potion            |       |       |       |     1 ||     1
 Stab: Sleeping          |     1 |       |       |       ||     1
Armor: Robe              |     1 |       |    10 |     3 ||    14
Dodge: Dodged            |     7 |     5 |    40 |    10 ||    62
